 Dungeon Crawl Stone Soup version 0.22.0-6-g71bd7aa (webtiles) character file.

21634 HallandMoats the Demonic Cataclysm (level 12, -5/145 HPs)
             Began as a Demonspawn Fighter on Aug 14, 2018.
             Was a High Priest of Qazlal.
             Slain by a centaur warrior
             ... wielding a +0 club
              (7 damage)
             ... on level 13 of the Dungeon.
             The game lasted 00:25:24 (14901 turns).

HallandMoats the Demonic Cataclysm (DsFi)          Turns: 14901, Time: 00:25:25

Health: -5/145     AC: 14    Str: 26    XL:     12   Next: 55%
Magic:  0/30       EV: 22    Int: 14    God:    Qazlal [*****.]
Gold:   739        SH: 12    Dex: 20    Spells: 11/11 levels left

rFire    . . .     SeeInvis +   s - +6 mace of Imbalance {venom, SInv}
rCold    . . .     Gourm    .   x - +0 buckler
rNeg     . . .     Faith    .   r - +5 ring mail of Rafel {Int+3 Dex+4}
rPois    .         Spirit   +   (helmet restricted)
rElec    .         Reflect  .   n - scarf {Spirit}
rCorr    .         Harm     .   (no gloves)
MR       .....                  (no boots)
Stlth    ..........             (no amulet)
HPRegen  0.34/turn              l - ring of magical power
MPRegen  0.22/turn              w - +5 ring of evasion

@: berserking, lethally poisoned (-5 -> -21), protected from physical damage,
very slightly contaminated, repel missiles, very quick
A: antennae 2, thin skeletal structure 2, nightstalker 2, powered by death 1
a: Upheaval, Elemental Force, Disaster Area, Renounce Religion


You were on level 13 of the Dungeon.
You worshipped Qazlal.
Qazlal was extremely pleased with you.
You were hungry.

You visited 1 branch of the dungeon, and saw 13 of its levels.
You also visited: Sewer.

You collected 1042 gold pieces.
You spent 303 gold pieces at shops.

Inventory:

Hand Weapons
 b - a +0 whip of electrocution
 m - a +1 morningstar of draining
 s - the +6 mace of Imbalance (weapon) {venom, SInv}
   (You bought it in a shop on level 9 of the Dungeon)

   It poisons the flesh of those it strikes.
   It lets you see invisible.
Armour
 k - a +1 chain mail of magic resistance
 n - a scarf of spirit shield (worn)
 r - the +5 ring mail of Rafel (worn) {Int+3 Dex+4}
   (You found it on level 7 of the Dungeon)

   It affects your intelligence (+3).
   It affects your dexterity (+4).
 x - a +0 buckler (worn)
Jewellery
 l - a ring of magical power (left hand)
 v - the ring "Gityrr" {Fire rElec SInv}
   (You found it on level 8 of the Dungeon)

   [ring of fire]

   It enhances your fire magic.
   It protects you from fire.
   It makes you vulnerable to cold.
   It insulates you from electricity.
   It lets you see invisible.
 w - a +5 ring of evasion (right hand)
 B - an uncursed amulet of regeneration {unknown}
 K - a +4 ring of strength {unknown}
 M - an uncursed amulet of guardian spirit
Wands
 j - a wand of random effects (100)
 t - a wand of flame (65)
 z - a wand of iceblast (22)
 D - a wand of enslavement (8)
 E - a wand of acid (13)
Scrolls
 a - a scroll of fear
 g - 7 scrolls of remove curse
 q - 4 scrolls of enchant armour
 y - 2 scrolls of enchant weapon
 F - a scroll of holy word {unknown}
 I - a scroll of teleportation
 J - a scroll of random uselessness {unknown}
 L - 2 scrolls of summoning
Potions
 h - 3 potions of lignification
 i - 6 potions of flight
 o - 2 potions of might
 u - 2 potions of mutation {unknown}
 A - a potion of magic {unknown}
 G - 2 potions of berserk rage
 H - 2 potions of heal wounds
Miscellaneous
 p - a fan of gales
Comestibles
 f - 15 rations
 N - 9 chunks of flesh


   Skills:
 + Level 10.2 Fighting
   Level 2.2 Long Blades
 + Level 8.6 Maces & Flails
 + Level 8.2 Armour
 + Level 7.7 Dodging
 - Level 4.5 Shields
 * Level 13.2 Invocations


You had 11 spell levels left.
You didn't know any spells.
Your spell library contained the following spells:

 Spells                   Type           Power        Failure   Level  Hunger
 Magic Dart               Conj           #...         38%         1    ##.....
 Bolt of Magma            Conj/Fire/Erth #.........   100%        5    ######.
 Throw Frost              Conj/Ice       #.....       52%         2    ###....
 Mephitic Cloud           Conj/Pois/Air  #.......     77%         3    ####...
 Venom Bolt               Conj/Pois      #.........   100%        5    ######.
 Olgreb's Toxic Radiance  Pois           #.......     99%         4    #####..
 Iskenderun's Mystic Bla  Conj           #.......     99%         4    #####..
 Freeze                   Ice            #...         38%         1    ##.....
 Summon Ice Beast         Ice/Summ       #.......     99%         4    #####..
 Ozocubu's Armour         Chrm/Ice       #.......     77%         3    ####...
 Sting                    Conj/Pois      #...         38%         1    ##.....
 Summon Demon             Summ           #.........   100%        5    ######.
 Iron Shot                Conj/Erth      #.........   100%        6    #######
 Swiftness                Chrm/Air       #.......     52%         2    ###....
 Throw Icicle             Conj/Ice       #.......     99%         4    #####..
 Call Canine Familiar     Summ           #.......     77%         3    ####...
 Ensorcelled Hibernation  Hex/Ice        #.....       52%         2    ###....
 Summon Butterflies       Summ           #.......     38%         1    ##.....
 Orb of Destruction       Conj           #.........   100%        7    #######
 Iskenderun's Battlesphe  Conj/Chrm      #.......     100%        5    ######.
 Fulminant Prism          Conj/Hex       #.........   99%         4    #####..
 Dazzling Spray           Conj/Hex       #.....       77%         3    ####...
 Force Lance              Conj/Tloc      #.......     99%         4    #####..
 Spectral Weapon          Hex/Chrm       #.......     77%         3    ####...
 Searing Ray              Conj           #.....       52%         2    ###....
 Dragon's Call            Summ           #.........   100%        9    #######
 Spellforged Servitor     Conj/Summ      #.........   100%        7    #######
 Poisonous Vapours        Pois/Air       #.....       52%         2    ###....


Dungeon Overview and Level Annotations

Branches:
Dungeon (13/15)            Temple (0/1) D:6            Lair (0/6) D:10
    Orc (0/2) D:10
 Vaults: D:13-14

Altars:
Ashenzari
Elyvilon
Kikubaaqudgha
Makhleb
Nemelex Xobeh
Qazlal
Sif Muna
Wu Jian
Yredelemnul

Shops:
D:9 [?([   D:11 (   D:13 %

Annotations:
D:7 3 runed doors, miscthings's ghost, novice TeWr


Innate Abilities, Weirdness & Mutations

You have a pair of antennae on your head.
You have a moderately thin skeletal structure. (Dex +4, Stealth+)
You are significantly more attuned to the shadows.
You regenerate a little health from kills.


Message History

The centaur warrior unwields an uncursed shortbow.
The centaur warrior wields an uncursed club.
The centaur warrior completely misses you.
The meliai barely misses you. The meliai closely misses you.
You sock the meliai!
You kill the meliai!
Qazlal accepts your kill.
* * * LOW HITPOINT WARNING * * *
You feel sick. You block the meliai's attack. x2
The meliai hits you but does no damage. The meliai closely misses you.
The centaur warrior hits you with an uncursed club.
* * * LOW HITPOINT WARNING * * *
You feel protected from physical attacks.
You barely miss the meliai.
The meliai is severely wounded.
* * * LOW HITPOINT WARNING * * *
You feel sick. The meliai closely misses you. You block the meliai's attack.
The meliai misses you. The meliai completely misses you.
The centaur warrior hits you with an uncursed club!
You die...

* *,....<....# *
*,<........# *
*,...?...### *
*****,.......# *
*,,,,,.......# *
*,,,,,.......# *
*,,,,,...§§.§#
******,,,,,....yYc#
,,,,,,,,,,,....y@§#**
****,,,,,,,...§..§..#
,,,+,,,,,,,....§....#
,,,*,,*****##...#####
,,,*,,* #...* ,,,*,,*
#...******* ,,,*,,*
*,,,,,,,,,** ,,,*,,*
*,,,*****,,* ,,,*,,*
*,,,*,,,**,*


You could see a centaur warrior, a yak and 2 meliai.

Vanquished Creatures
  A hydra (D:8)
  Erolcha (D:12)
  A two-headed ogre (D:8)
  An unseen horror (D:10)
  3 ugly things
  A manticore (D:11)
  A cyclops (D:11)
  2 deep elf magi (D:12)
  Joseph (D:7)
  5 molten gargoyles (D:11)
  A gargoyle (D:11)
  A komodo dragon (D:12)
  A meliai (D:13)
  5 hippogriffs
  Grinder (D:6)
  3 trolls
  A slime creature (D:8)
  Sigmund (D:4)
  A spriggan (D:8)
  A vampire (D:13)
  14 yaks
  5 hungry ghosts
  Menkaure (D:4)
  An acid dragon (D:12)
  A water moccasin (D:8)
  Duvessa (D:4)
  4 orc warriors
  4 phantoms
  4 sky beasts
  A black bear (shapeshifter) (D:13)
  11 ogres
  An eye of draining (D:11)
  3 ice beasts
  3 black bears
  A necrophage (D:10)
  13 centaurs
  A crocodile (D:8)
  2 big kobolds
  6 bullfrogs
  Blork the orc (D:4)
  Dowan (D:4)
  A wyvern skeleton (D:8)
  4 scorpions
  5 killer bees (D:10)
  2 troll zombies (D:10)
  7 wights
  3 howler monkeys
  3 bullfrog zombies
  3 crimson imps
  4 centaur zombies
  5 orc priests
  6 hounds
  3 jellies
  3 centaur skeletons
  Crazy Yiuf (D:4)
  A gnoll shaman (D:6)
  11 orc wizards
  3 bullfrog skeletons
  2 iguanas
  7 worker ants
  4 ogre zombies (D:10)
  A hound zombie (D:8)
  2 hound skeletons
  Robin (D:1)
  3 gnolls (D:6)
  2 river rats (Sewer)
  12 adders
  A howler monkey skeleton (D:9)
  2 shadow imps
  An adder skeleton (D:7)
  9 worms
  3 dart slugs
  3 leopard geckos
  34 orcs
  2 ball pythons
  3 bats
  9 giant cockroaches
  22 goblins
  8 hobgoblins
  23 jackals
  17 kobolds
  4 quokkas
  5 frilled lizards (D:1)
  A goblin skeleton (D:10)
  A goblin zombie (D:10)
  2 hobgoblin skeletons (D:10)
  2 hobgoblin zombies (D:10)
  A jackal skeleton (D:4)
  A leopard gecko skeleton (D:5)
  3 orc skeletons
  10 orc zombies (D:10)
  A quokka skeleton (D:8)
  A quokka zombie (D:5)
  8 rats
388 creatures vanquished.

Notes
Turn   | Place    | Note
-------+----------+-------------------------------------------
     0 | D:1      | HallandMoats the Demonspawn Fighter began the quest for the Orb.
     0 | D:1      | Reached XP level 1. HP: 18/18 MP: 1/1
   144 | D:1      | Gained mutation: You have a pair of small antennae on your head. [demonic ancestry]
   144 | D:1      | Reached XP level 2. HP: 18/24 MP: 2/2
   792 | D:1      | Gained mutation: You have a somewhat thin skeletal structure. (Dex +2, Stealth) [demonic ancestry]
   792 | D:1      | Reached XP level 3. HP: 29/29 MP: 3/3
  1130 | D:2      | Found a basalt altar of Yredelemnul.
  1273 | D:2      | Reached skill level 1 in Dodging
  1442 | D:2      | Noticed Robin
  1474 | D:1      | Killed Robin
  1474 | D:1      | Reached skill level 1 in Maces & Flails
  1831 | D:2      | Reached XP level 4. HP: 37/37 MP: 4/4
  2579 | D:2      | Found a deep blue altar of Sif Muna.
  2581 | D:2      | Found a white marble altar of Elyvilon.
  2582 | D:2      | Found an ancient bone altar of Kikubaaqudgha.
  2585 | D:2      | Found a stormy altar of Qazlal.
  2591 | D:2      | Became a worshipper of Qazlal Stormbringer
  2729 | D:3      | Gained mutation: You are slightly more attuned to the shadows. [demonic ancestry]
  2729 | D:3      | Reached XP level 5. HP: 42/42 MP: 5/5
  3208 | D:3      | Found a sparkling altar of Nemelex Xobeh.
  3359 | D:3      | Found an ornate altar of the Wu Jian Council.
  3698 | D:4      | Noticed Dowan
  3700 | D:4      | Noticed Duvessa
  3970 | D:4      | Killed Duvessa
  3970 | D:4      | Gained mutation: You have a pair of antennae on your head. [demonic ancestry]
  3970 | D:4      | Reached XP level 6. HP: 34/49 MP: 3/6
  3976 | D:4      | Killed Dowan
  4337 | D:4      | Reached skill level 5 in Fighting
  4356 | D:4      | Found a shattered altar of Ashenzari.
  4360 | D:4      | Reached * piety under Qazlal
  4476 | D:4      | Found a runed door.
  4476 | D:4      | Noticed Blork the orc
  4495 | D:4      | Killed Blork the orc
  4495 | D:4      | Gained mutation: You have a moderately thin skeletal structure. (Dex +4, Stealth+) [demonic ancestry]
  4495 | D:4      | Reached XP level 7. HP: 12/56 MP: 2/7
  4840 | D:4      | Noticed Crazy Yiuf
  4844 | D:4      | Killed Crazy Yiuf
  5193 | D:4      | Noticed Menkaure
  5201 | D:4      | Killed Menkaure
  5473 | D:4      | Noticed Sigmund
  5477 | D:4      | Killed Sigmund
  5604 | D:4      | Gained mutation: You regenerate a little health from kills. [demonic ancestry]
  5604 | D:4      | Reached XP level 8. HP: 54/64 MP: 6/8
  5765 | D:5      | Entered Level 5 of the Dungeon
  5883 | D:5      | Reached skill level 5 in Maces & Flails
  6305 | D:5      | Reached skill level 1 in Invocations
  6417 | D:6      | Found a glowing drain.
  6436 | Sewer    | Entered a sewer
  6446 | Sewer    | Reached ** piety under Qazlal
  6660 | Sewer    | Found a glowing silver altar of Zin.
  6778 | D:6      | Reached skill level 2 in Invocations
  6780 | D:6      | Reached skill level 5 in Armour
  6794 | D:6      | Noticed Grinder
  6804 | D:6      | Killed Grinder
  6804 | D:6      | Reached XP level 9. HP: 25/72 MP: 3/10
  7266 | D:6      | Found a staircase to the Ecumenical Temple.
  7476 | D:6      | Reached skill level 3 in Invocations
  8115 | D:7      | Noticed Joseph
  8125 | D:7      | Killed Joseph
  8125 | D:7      | Reached skill level 4 in Invocations
  8131 | D:7      | Found a shattered altar of Ashenzari.
  8246 | D:7      | Reached skill level 5 in Invocations
  8285 | D:7      | Found a white marble altar of Elyvilon.
  8364 | D:7      | Noticed miscthings's ghost (novice TeWr)
  8374 | D:7      | Found a runed gate.
  8374 | D:7      | Found a runed gate.
  8374 | D:7      | Found a runed gate.
  8460 | D:7      | Reached skill level 5 in Dodging
  8460 | D:7      | Reached skill level 6 in Invocations
  8581 | D:7      | Reached *** piety under Qazlal
  8657 | D:7      | Gained mutation: You are significantly more attuned to the shadows. [demonic ancestry]
  8657 | D:7      | Reached XP level 10. HP: 78/80 MP: 12/15
  8783 | D:7      | Got an ichor-stained ring mail
  8787 | D:7      | Identified the +5 ring mail of Rafel {Int+3 Dex+4} (You found it on level 7 of the Dungeon)
  8978 | D:8      | Reached skill level 7 in Invocations
  9407 | D:8      | Found a runed door.
  9407 | D:8      | Found a runed door.
  9407 | D:8      | Noticed a two-headed ogre
  9475 | D:8      | Got a wavering steel ring
  9793 | D:8      | Identified the ring "Gityrr" {Fire rElec SInv} (You found it on level 8 of the Dungeon)
  9885 | D:8      | Killed a two-headed ogre
  9885 | D:8      | Reached skill level 8 in Invocations
  9935 | D:8      | Found a burning altar of Makhleb.
  9977 | D:8      | Noticed an eight-headed hydra
  9996 | D:8      | Killed an eight-headed hydra
  9996 | D:8      | Reached skill level 9 in Invocations
 10045 | D:8      | Identified Sif Muna's Guide on Boosting Summoning
 10052 | D:8      | Identified Jorish's Tome of Icy Companions
 10517 | D:9      | Found Ucsassar's Antique Weapon Shoppe.
 10531 | D:9      | Bought a brightly glowing mace for 240 gold pieces
 10531 | D:9      | Identified the +6 mace of Imbalance {venom, SInv} (You bought it in a shop on level 9 of the Dungeon)
 10587 | D:9      | Found Qorelira's Armour Emporium.
 10603 | D:9      | Bought a +0 buckler for 63 gold pieces
 10736 | D:9      | Reached XP level 11. HP: 89/89 MP: 18/18
 10777 | D:9      | Found Ugrag's Magic Scroll Shoppe.
 10798 | D:9      | Found Ixti's Armour Boutique.
 11040 | D:9      | Reached skill level 10 in Invocations
 11054 | D:9      | Found a stormy altar of Qazlal.
 11325 | D:10     | Entered Level 10 of the Dungeon
 11361 | D:10     | Reached **** piety under Qazlal
 11858 | D:10     | Found a staircase to the Orcish Mines.
 11941 | D:10     | Noticed an unseen horror
 11952 | D:10     | Killed an unseen horror
 12246 | D:10     | Found a staircase to the Lair.
 12428 | D:11     | Reached skill level 11 in Invocations
 13588 | D:11     | Found Jaunous's Antique Weapon Shoppe.
 13942 | D:11     | Reached skill level 12 in Invocations
 13942 | D:11     | Reached XP level 12. HP: 88/97 MP: 17/21
 14206 | D:12     | Reached ***** piety under Qazlal
 14274 | D:12     | Reached skill level 10 in Fighting
 14511 | D:12     | Noticed Erolcha
 14522 | D:12     | Killed Erolcha
 14684 | D:12     | Reached skill level 13 in Invocations
 14826 | D:13     | Found Zischoti's Food Boutique.
 14868 | D:13     | Noticed a centaur warrior
 14900 | D:13     | HP: 7/145 [poisoned by a meliai]
 14900 | D:13     | HP: 3/145 [centaur warrior/uncursed club (4)]
 14901 | D:13     | Slain by a centaur warrior

Skill      XL: |  1  2  3  4  5  6  7  8  9 10 11 12 |
---------------+-------------------------------------+-----
Long Blades    | 2 |  2.2
Armour         | 3 4 5 6 7 8 |  8.2
Dodging        | 1 2 3 4 5 6 7 |  7.7
Maces & Flails | 1 2 3 4 5 6 7 8 |  8.6
Fighting       | 4 5 6 7 8 9 10 | 10.2
Invocations    | 2 6 9 12 13 | 13.2
Shields        | 3 4 |  4.5

Action                   |  1- 3 |  4- 6 |  7- 9 | 10-12 || total
-------------------------+-------+-------+-------+-------++-------
Melee: Long sword        |    50 |       |       |       ||    50
       Whip              |   100 |    98 |       |       ||   198
       Morningstar       |       |    81 |   287 |   160 ||   528
       Mace              |       |       |       |   561 ||   561
Invok: Upheaval          |       |       |       |     4 ||     4
  Use: Potion            |     2 |     2 |     1 |     5 ||    10
       Scroll            |       |       |     9 |    14 ||    23
  Eat: Chunk             |     2 |     7 |     6 |    18 ||    33
       Ration            |       |     1 |     2 |     7 ||    10
Armor: Scale mail        |    64 |    89 |       |       ||   153
       Chain mail        |       |    38 |   177 |    10 ||   225
       Ring mail         |       |       |       |   171 ||   171
Dodge: Dodged            |    84 |   129 |   171 |   602 ||   986
       Deflected         |       |       |       |     4 ||     4
Block: Other             |       |     1 |    26 |    33 ||    60
       Buckler           |       |       |       |   363 ||   363
       Rpst.: Long sword |    10 |       |       |       ||    10
